 Dungeon Crawl Stone Soup version 0.29-a0-284-gf9362112df (webtiles) character file.

Game seed: 13909762214893508652

12842 horus123 the Spear-Bearer (level 11, -7/84 HPs)
             Began as a Demonspawn Conjurer on Mar 21, 2022.
             Was a Priest of Sif Muna.
             Mangled by a tentacled starspawn (10 damage)
             ... on level 2 of the Abyss.
             The game lasted 00:40:08 (12751 turns).

horus123 the Spear-Bearer (Demonspawn Conjurer)    Turns: 12751, Time: 00:40:09

Health: -7/84      AC: 13    Str: 10    XL:     11   Next: 67%
Magic:  0/25       EV:  9    Int: 22    God:    Sif Muna [***...]
Gold:   210        SH:  0    Dex: 11    Spells: 17/30 levels left

rFire   . . .      SeeInvis .   v - +4 glaive (flame)
rCold   . . .      Faith    .   (shield currently unavailable)
rNeg    . . .      Spirit   +   G - +2 robe {Archmagi}
rPois   .          Reflect  .   (helmet restricted)
rElec   .          Harm     .   g - +2 cloak
rCorr   .          Rampage  +   u - +0 pair of gloves
Will    .....      Archmagi +   I - +0 pair of boots {rampage}
Stlth   +.........              (no amulet)
HPRegen 0.00/turn               r - +4 ring of protection
MPRegen 0.38/turn               t - ring of wizardry

@: on fire, sick, glowing, constricted
A: horns 2, powered by death 1, magic shield, magic regeneration
a: Renounce Religion, Channel Magic, Forget Spell


You were on level 2 of the Abyss.
You worshipped Sif Muna.
Sif Muna was most pleased with you.
You visited 2 branches of the dungeon, and saw 12 of its levels.
You visited the Abyss 1 time.
You also visited: Ossuary.

You collected 442 gold pieces.
You spent 232 gold pieces at shops.

Inventory:

Hand Weapons
 f - a +2 dagger of freezing
 v - a +4 glaive of flaming (weapon)
 B - a +4 halberd of freezing
Armour
 a - the +1 ring mail of the Orb Guardian {+Inv Fly rElec Slay+2}
   (You found it on level 8 of the Dungeon)

   Slay:      It affects your accuracy & damage with ranged weapons and melee
   (+2).
   rElec:     It insulates you from electricity.
   +Inv:      It lets you turn invisible.
   Fly:       It grants you flight.
 g - a +2 cloak (worn)
 u - a +0 pair of gloves (worn)
 w - a +1 robe of resistance
 G - a +2 robe of the Archmagi (worn)
 I - a +0 pair of boots of rampaging (worn)
Magical Staves
 e - a staff of earth
Jewellery
 r - a +4 ring of protection (left hand)
 s - a ring of flight
 t - a ring of wizardry (right hand)
 D - a ring of protection from fire
Wands
 y - a wand of flame (27)
 A - a wand of iceblast (3)
 F - a wand of polymorph (6)
 H - a wand of acid (3)
Scrolls
 b - 3 scrolls of amnesia
 l - a scroll of fear
 m - 3 scrolls of vulnerability
 n - 6 scrolls of immolation
 o - a scroll of holy word
 x - a scroll of fog
Potions
 c - 3 potions of mutation
 d - a potion of heal wounds
 h - 3 potions of lignification {unknown}
 i - 8 potions of curing
 j - 4 potions of might
 k - 3 potions of flight {unknown}
 p - a potion of cancellation {unknown}
 q - 13 potions of degeneration
 z - a potion of attraction {unknown}


   Skills:
 - Level 7.0 Fighting
 - Level 10.0 Polearms
 - Level 1.7 Dodging
 - Level 1.7 Stealth
 - Level 10.0 Spellcasting
 + Level 6.0 Conjurations
 - Level 7.0 Fire Magic


You had 17 spell levels left.
You knew the following spells:

 Your Spells              Type           Power      Damage    Failure   Level
a - Magic Dart            Conj           100%       1d8       1%          1
b - Searing Ray           Conj           100%       2d8       1%          2
c - Scorch                Fire           100%       2d10      1%          2
d - Flame Wave            Conj/Fire      56%        2d11      1%          4
e - Iskenderun's Mystic   Conj/Tloc      36%        2d9       7%          4

Your spell library contained the following spells:

 Spells                   Type           Power      Damage    Failure   Level
 Shock                    Conj/Air       100%       1d9       1%          1
 Dazzling Flash           Conj/Hex       72%        N/A       2%          3
 Fulminant Prism          Conj/Hex       18%        3d11      7%          4
 Swiftness                Air            16%        N/A       8%          3
 Lightning Bolt           Conj/Air       18%        1d32      19%         5
 Airstrike                Air            8%         N/A       24%         4
 Animate Dead             Necr           8%         N/A       24%         4
 Summon Lightning Spire   Summ/Air       16%        N/A       24%         4
 Summon Cactus Giant      Summ           8%         N/A       97%         6
 Haunt                    Necr/Summ      8%         N/A       100%        7
 Storm Form               Tmut/Air       8%         N/A       100%        7
 Infestation              Necr           8%         N/A       100%        8
 Maxwell's Capacitive Co  Air            8%         ∞         100%        8


Dungeon Overview and Level Annotations

Branches:
Dungeon (11/15)            Temple (1/1) D:7             Orc (0/2) D:9
Ossuary (visited)
   Lair: D:8-11

Altars:
Ashenzari
Cheibriados
Dithmenos
Elyvilon
Fedhas
Gozag
Hepliaklqana
Kikubaaqudgha
Makhleb
Nemelex Xobeh
Okawaru
Qazlal
Ru
Sif Muna
Trog
Uskayaw
Vehumet
Wu Jian
Xom
Yredelemnul
Zin
The Shining One

Shops:
D:7 (   D:9 [

Annotations:
D:11 Erolcha


Innate Abilities, Weirdness & Mutations

You have a pair of horns on your head.
You regenerate a little health from kills.
When hurt, damage is shared between your health and your magic reserves.
You regenerate magic rapidly.


Message History

The tentacled starspawn bites you but does no damage.
The tentacled starspawn tentacle-slaps you!
The smoke demon hits you but does no damage. x3
Casting: Iskenderun's Mystic Blast (dangerous; 7% risk of failure)
Confirm with . or Enter, or press ? or * to list all spells.
You feel a surge of power!
You erupt in a blast of force!
The mystic blast hits the starspawn tentacle.
The starspawn tentacle is lightly damaged.
The mystic blast hits the smoke demon.
The smoke demon is lightly wounded.
The smoke demon is knocked back by the mystic blast.
The mystic blast hits the starspawn tentacle!
The starspawn tentacle is moderately damaged.
The mystic blast hits the tentacled starspawn.
The tentacled starspawn is lightly damaged.
The starspawn tentacle loses its grip on you.
The tentacled starspawn is knocked back by the mystic blast.
The tentacled starspawn collides with the starspawn tentacle!
The starspawn tentacle is moderately damaged.
The tentacled starspawn is lightly damaged.
The starspawn tentacle closely misses you.
You barely miss the tentacled starspawn.
You headbutt the tentacled starspawn.
The tentacled starspawn is moderately damaged.
The tentacled starspawn bites you but does no damage.
The tentacled starspawn tentacle-slaps you!
* * * LOW HITPOINT WARNING * * *
The starspawn tentacle grabs you. The starspawn tentacle constricts you.
The tentacled starspawn bites you!
* * * LOW HITPOINT WARNING * * *
The tentacled starspawn barely misses you.
You hit the smoke demon.
The smoke demon is moderately wounded.
The starspawn tentacle constricts you. The smoke demon gestures at you.
The sticky flame hits you.
You are covered in liquid flames!
* * * LOW HITPOINT WARNING * * *
The tentacled starspawn bites you!
You die...

. .. # .# ##
.#..#
#.##..#
##..w#
##.w### .
#..#X##
###.w@#
..#.#3...#
#.##..#....#
####### .##.
.. ##


You could see a tentacled starspawn, a smoke demon and 2 starspawn tentacles.

Vanquished Creatures
  4 two-headed ogres
  A manticore (D:10)
  An orange demon (Abyss:2)
  A gargoyle (D:9)
  Psyche (D:8)
  A hellwing (Abyss:2)
  3 kobold demonologists
  2 ancient zymes (Abyss:2)
  2 trolls
  2 wraiths
  13 yaks
  3 wyverns
  A steam dragon (D:7)
  4 vampire mosquitoes (D:8)
  A neqoxec (Abyss:2)
  Menkaure (D:6)
  Edmund (D:6)
  A water moccasin (D:5)
  5 orc warriors
  Pargi (D:4)
  2 sky beasts
  An ogre (D:9)
  4 centaurs
  Blork the orc (D:6)
  4 phantoms
  9 kobold brigands
  A necrophage (D:6)
  3 bullfrogs
  2 gnoll sergeants
  11 wights
  8 killer bees
  A jelly (D:6)
  3 howler monkeys
  A human zombie (Ossuary)
  5 orc priests
  Crazy Yiuf (D:4)
  5 hounds
  Natasha (twice) (D:3)
  2 iguanas
  3 orc wizards
  5 mummies (Ossuary)
  14 gnolls
  10 adders
  A white imp (D:5)
  An ufetubus (D:5)
  4 dart slugs
  26 orcs
  5 ball pythons
  8 bats
  2 endoplasms
  4 giant cockroaches
  8 hobgoblins
  4 jackals (D:3)
  23 kobolds
  6 quokkas
  4 frilled lizards
  3 gnoll zombies (Ossuary)
  6 goblins
  2 goblin zombies
  A hobgoblin zombie (Ossuary)
  A kobold zombie (Ossuary)
  An orc zombie (Ossuary)
  A quokka zombie (D:8)
  6 rats
264 creatures vanquished.

Vanquished Creatures (collateral kills)
  A troll (D:9)
  A gnoll (D:9)
  An orc (D:9)
3 creatures vanquished.

Vanquished Creatures (others)
  2 starspawn tentacles (Abyss:2)
2 creatures vanquished.

Grand Total: 269 creatures vanquished

Notes
Turn   | Place    | Note
-------+----------+-------------------------------------------
     0 | D:1      | horus123 the Demonspawn Conjurer began the quest for the
                  | Orb.
     0 | D:1      | Reached XP level 1. HP: 13/13 MP: 3/3
   262 | D:1      | Gained mutation: You regenerate magic rapidly. [demonic
                  | ancestry]
   262 | D:1      | Reached XP level 2. HP: 13/19 MP: 0/5
   265 | D:1      | Found a faded altar of an unknown god.
   870 | D:1      | Learned a level 2 spell: Searing Ray
  1007 | D:1      | Reached XP level 3. HP: 24/24 MP: 2/7
  1619 | D:2      | Gained mutation: You have a pair of small horns on your
                  | head. [demonic ancestry]
  1619 | D:2      | Reached XP level 4. HP: 30/30 MP: 7/10
  2286 | D:3      | Gained mutation: When hurt, damage is shared between your
                  | health and your magic reserves. [demonic ancestry]
  2286 | D:3      | Reached XP level 5. HP: 22/35 MP: 6/12
  2521 | D:3      | Noticed Natasha
  2524 | D:3      | Killed Natasha
  2525 | D:3      | Reached skill level 5 in Spellcasting
  2551 | D:3      | Noticed Natasha
  2555 | D:3      | Killed Natasha
  2839 | D:3      | Learned a level 2 spell: Scorch
  2888 | D:4      | Noticed a phantom
  2898 | D:4      | Killed a phantom
  2899 | D:4      | Reached skill level 5 in Conjurations
  2899 | D:4      | Reached XP level 6. HP: 38/41 MP: 2/13
  2984 | D:4      | Noticed Pargi
  2992 | D:4      | Killed Pargi
  3673 | D:4      | Found a runed translucent door.
  3674 | D:4      | Noticed Crazy Yiuf
  3680 | D:4      | Killed Crazy Yiuf
  3691 | D:4      | Identified the +7 mace of Untruth {vorpal, rPois Will+
                  | Int-2 Dex+4}
  3755 | D:5      | Entered Level 5 of the Dungeon
  3821 | D:5      | Reached XP level 7. HP: 46/46 MP: 5/14
  3960 | D:5      | Reached skill level 5 in Fire Magic
  4202 | D:5      | Learned a level 4 spell: Flame Wave
  4832 | D:5      | Noticed a troll
  4838 | D:5      | Killed a troll
  4839 | D:5      | Reached XP level 8. HP: 49/52 MP: 3/15
  5389 | D:6      | Reached skill level 1 in Fighting
  5439 | D:6      | Found an opulent altar of Gozag.
  5527 | D:6      | Noticed Blork the orc
  5533 | D:6      | Killed Blork the orc
  5625 | D:6      | Noticed Menkaure
  5629 | D:6      | Killed Menkaure
  5643 | D:6      | Found a sparkling altar of Nemelex Xobeh.
  5643 | D:6      | Found a bloodstained altar of Trog.
  5646 | D:6      | Found a snail-covered altar of Cheibriados.
  5648 | D:6      | Found a stormy altar of Qazlal.
  5697 | D:6      | Noticed Edmund
  5706 | D:6      | Killed Edmund
  5799 | D:6      | Reached skill level 5 in Fighting
  5971 | D:6      | Gained mutation: You regenerate a little health from kills.
                  | [demonic ancestry]
  5971 | D:6      | Reached XP level 9. HP: 69/69 MP: 11/16
  6212 | D:7      | Reached skill level 1 in Polearms
  6494 | D:7      | Noticed a two-headed ogre
  6621 | D:7      | Killed a two-headed ogre
  6622 | D:7      | Reached skill level 5 in Polearms
  6818 | D:7      | Found Wesiot's Weapon Boutique.
  7215 | D:7      | Found a staircase to the Ecumenical Temple.
  7225 | Temple   | Entered the Ecumenical Temple
  7422 | Temple   | Became a worshipper of Sif Muna the Loreminder
  8015 | D:8      | Identified the +1 ring mail of the Orb Guardian {+Inv Fly
                  | rElec Slay+2}
  8051 | D:8      | Reached XP level 10. HP: 68/79 MP: 9/17
  8494 | D:8      | Found a sand-covered staircase.
  8502 | Ossuary  | Entered an ossuary
  8679 | Ossuary  | Reached * piety under Sif Muna
  8909 | D:8      | Noticed Psyche
  8949 | D:8      | Killed Psyche
  9051 | D:8      | You fall into a shaft and drop 1 floor!
  9208 | D:9      | Noticed a gargoyle
  9219 | D:9      | Killed a gargoyle
  9960 | D:9      | Found Mookhu's Antique Armour Shoppe.
  9966 | D:9      | Bought a pair of runed boots for 232 gold pieces
  9992 | D:9      | Found a shadowy altar of Dithmenos.
 10361 | D:9      | Reached ** piety under Sif Muna
 10364 | D:9      | Reached skill level 10 in Polearms
 10394 | D:9      | Found a staircase to the Orcish Mines.
 10599 | D:10     | Entered Level 10 of the Dungeon
 10766 | D:10     | Gained mutation: You have a pair of horns on your head.
                  | [demonic ancestry]
 10766 | D:10     | Reached XP level 11. HP: 67/84 MP: 12/21
 10898 | D:9      | Learned a level 4 spell: Iskenderun's Mystic Blast
 11043 | D:10     | Reached *** piety under Sif Muna
 11131 | D:10     | Noticed a two-headed ogre
 11139 | D:10     | Killed a two-headed ogre
 11622 | D:11     | Noticed Erolcha
 11780 | D:11     | Noticed a two-headed ogre
 11798 | D:11     | Killed a two-headed ogre
 11849 | D:11     | Noticed a two-headed ogre
 11854 | D:10     | Reached skill level 10 in Spellcasting
 12197 | D:11     | Killed a two-headed ogre
 12436 | D:11     | Cast into level 2 of the Abyss (Erolcha)
 12650 | Abyss:2  | Noticed a tentacled starspawn
 12751 | Abyss:2  | HP: 3/84 [smoke demon/sticky flame (4)]
 12751 | Abyss:2  | Mangled by a tentacled starspawn

Illustrated notes

Levels and vault maps discovered:
D:1:      amcnicky_arrival_blooded_trapdoor, layout_loops_corners,
          basic_ecumenical_altar
D:2:      layout_basic
D:3:      layout_basic, uniq_natasha
D:4:      cheibrodos_helix_gallery, layout_gridville, uniq_crazy_yiuf_cottage,
          uniq_pargi
D:5:      layout_basic
D:6:      layout_basic, minitemple, uniq_blork_the_orc, uniq_menkaure,
          uniq_edmund
D:7:      layout_layer_cave, minmay_temple_entry_statues_fountains,
          serial_shops, shop
D:8:      layout_loops_corners, enter_ossuary_4, uniq_psyche
D:9:      layout_gridville, mainiacjoe_overflow_six_doors_small,
          kennysheep_orc_monster_closet_entryway, serial_shops, shop,
          minmay_misc_feat_hallway
D:10:     layout_cave_pools
D:11:     layout_loops_cross, erik_lair_orcish_takeover, uniq_maurice,
          uniq_sonja, uniq_erolcha
Temple:   eino_temple_scatter_basement
Abyss:2:  base: D:5, hangedman_abyss_shoalhut

Skill      XL: |  1  2  3  4  5  6  7  8  9 10 11 |
---------------+----------------------------------+-----
Spellcasting   | 3 4 5 6 10 | 10.0
Conjurations   | 5 6 |  6.0
Fire Magic     | 3 6 7 |  7.0
Fighting       | 6 7 |  7.0
Polearms       | 7 10 | 10.0
Dodging        | |  1.7
Stealth        | |  1.7

Action                   |  1- 3 |  4- 6 |  7- 9 | 10-12 || total
-------------------------+-------+-------+-------+-------++-------
Melee: Glaive            |       |     4 |    52 |   139 ||   195
       Dagger            |       |     4 |       |       ||     4
       Headbutt          |       |       |     7 |    28 ||    35
 Cast: Magic Dart        |    74 |    82 |    51 |    16 ||   223
       Searing Ray       |     1 |     8 |    14 |     6 ||    29
       Scorch            |       |     7 |    78 |    80 ||   165
       Flame Wave        |       |       |     6 |    15 ||    21
       Iskenderun's Myst |       |       |       |    14 ||    14
Evoke: Wand              |       |       |     6 |       ||     6
  Use: Scroll            |     1 |    10 |     6 |     8 ||    25
       Potion            |       |       |     5 |     5 ||    10
 Stab: Sleeping          |       |     1 |       |     1 ||     2
Armor: Robe              |     5 |    10 |    36 |   100 ||   151
       Ring mail         |       |       |     2 |    27 ||    29
       Skin              |       |       |       |     1 ||     1
Dodge: Dodged            |     9 |    22 |   106 |   164 ||   301

Table legend: (Time is in decaauts)
 A = Elapsed time spent in this place.
 B = Non-inter-level travel time spent in this place.
 C = Inter-level travel time spent in this place.
 D = Time resting spent in this place.
 E = Time spent auto-exploring this place.
 F = Levels seen in this place.
 G = Mean time per level.
                   A        B        C        D        E       F      G
               +--------+--------+--------+--------+--------+-----+--------+
         Total |  12842 |  12567 |    275 |   3132 |   7226 |  14 |  917.3 |
       Dungeon |  11927 |  11661 |    266 |   2855 |   6974 |  11 | 1084.3 |
        Temple |    374 |    365 |      9 |    161 |      4 |   1 |  374.0 |
         Abyss |    318 |    318 |      0 |    110 |    126 |   1 |  318.0 |
       Ossuary |    222 |    222 |      0 |      6 |    122 |   1 |  222.0 |
               +--------+--------+--------+--------+--------+-----+--------+

Top non-repeatable levels by time:
     D:5: 1641 daAuts
    D:10: 1470 daAuts
     D:9: 1440 daAuts
     D:8: 1316 daAuts
     D:1: 1287 daAuts
     D:7: 1161 daAuts
     D:6: 1085 daAuts
     D:4: 879 daAuts
     D:2: 820 daAuts
     D:3: 768 daAuts
  Temple: 374 daAuts
 Abyss:2: 318 daAuts
 Ossuary: 222 daAuts
    D:11: 56 daAuts
